 Dungeon Crawl Stone Soup version 0.27.0-1-g7a08968 (webtiles) character file.

Game seed: 9268114073397560934

2352 Caterwaul the Slasher (level 9, 0/60 (68) HPs)
             Began as a Human Fighter on Oct 21, 2021.
             Was an Initiate of the Shining One.
             Succumbed to a gnoll sergeant's poison
             ... on level 5 of the Dungeon.
             The game lasted 00:16:31 (7815 turns).

Caterwaul the Slasher (Human Fighter)               Turns: 7815, Time: 00:16:31

HP:   0/60 (68)     AC:  9    Str: 19    XL:     9   Next: 71%
MP:   9/9           EV: 10    Int:  9    God:    the Shining One [......]
Gold: 144           SH: 10    Dex: 13    Spells: 8/8 levels left

rFire    . . .     SeeInvis +   t - +1 scimitar
rCold    . . .     Faith    .   c - +0 kite shield
rNeg     . . .     Spirit   .   n - +0 ring mail of the Everdark {Regen+ SInv}
rPois    .         Reflect  .   (no helmet)
rElec    .         Harm     .   p - +2 cloak
rCorr    .         Rampage  .   (no gloves)
Will     .....                  (no boots)
Stlth    +.........             (no amulet)
HPRegen  1.20/turn              (no ring)
MPRegen  0.11/turn              (no ring)

@: lethally poisoned (0 -> -1), very slightly contaminated, glowing, heavily
drained, invisible (but backlit and visible)
A: no striking features
a: Renounce Religion


You were on level 5 of the Dungeon.
You worshipped the Shining One.
The Shining One was noncommittal.
You visited 2 branches of the dungeon, and saw 8 of its levels.

You collected 311 gold pieces.
You spent 167 gold pieces at shops.

Inventory:

Hand Weapons
 t - a +1 scimitar (weapon)
Missiles
 l - a throwing net (quivered)
Armour
 c - a +0 kite shield (worn)
 n - the +0 ring mail of the Everdark (worn) {Regen+ SInv}
   (You bought it in a shop on level 4 of the Dungeon)

   SInv:      It lets you see invisible.
   Regen:     It increases your rate of health regeneration.
 p - a +2 cloak (worn)
 q - a +1 chain mail of poison resistance
Jewellery
 k - a ring of wizardry
Wands
 b - a wand of mindburst (20)
 r - a wand of flame (10)
Scrolls
 h - 2 scrolls of magic mapping
 i - 2 scrolls of vulnerability
Potions
 d - 4 potions of might
 e - a potion of flight
 s - a potion of curing


   Skills:
 + Level 5.4 Fighting
 + Level 7.1 Long Blades
 + Level 0.2 Throwing
 + Level 6.3 Armour
 + Level 4.1 Dodging
 + Level 6.5 Shields


You had 8 spell levels left.
You didn't know any spells.
Your spell library contained the following spells:

 Spells                   Type           Power      Damage    Failure   Level
 Sandblast                Erth           0%         2d4       89%         1
 Ensorcelled Hibernation  Hex/Ice        0%         N/A       96%         2
 Passwall                 Tmut/Erth      0%         N/A       96%         2
 Portal Projectile        Hex/Tloc       0%         N/A       99%         3
 Spider Form              Tmut/Pois      0%         N/A       99%         3
 Cause Fear               Hex            0%         N/A       100%        4
 Blade Hands              Tmut           0%         N/A       100%        5
 Excruciating Wounds      Necr           0%         N/A       100%        5
 Lee's Rapid Deconstruct  Erth           0%         3d5*      100%        5
 Shadow Creatures         Summ           N/A        N/A       100%        6
 Dragon Form              Tmut           0%         N/A       100%        7
 Dragon's Call            Summ           0%         N/A       100%        9


Dungeon Overview and Level Annotations

Branches:
Dungeon (7/15)             Temple (1/1) D:5

Altars:
Ashenzari
Cheibriados
Dithmenos
Elyvilon
Fedhas
Gozag
Hepliaklqana
Kikubaaqudgha
Makhleb
Nemelex Xobeh
Okawaru
Qazlal
Ru
Sif Muna
Uskayaw
Vehumet
Wu Jian
Xom
Yredelemnul
Zin
The Shining One

Shops:
D:1 (**?:   D:4 [([

Annotations:
D:3 1 runed translucent door
D:5 1 transporter, geeeeen's ghost, amateur BaIE


Message History

You feel magically purged.
Your resistance to elements expires.
You block the gnoll's attack. The gnoll sergeant closely misses you.
You riposte.
You hit the gnoll sergeant.
The gnoll sergeant is moderately wounded.
The gnoll sergeant closely misses you. You block the gnoll's attack.
The gnoll is pulled toward you!
You feel less attractive to monsters.
It was a potion of invisibility.
You become transparent, but the glow from your halo prevents you from becoming completely invisible.
You block the gnoll's attack. You block the gnoll sergeant's attack.
The gnoll sergeant hits you with a +0 spear.
You block the gnoll's attack.
You are very lightly contaminated with residual magic.
You block the gnoll's attack.
The gnoll sergeant hits you with a +1 trident of venom!
* * * LOW HITPOINT WARNING * * *
You are poisoned.
The gnoll sergeant hits you with a +0 spear.
* * * LOW HITPOINT WARNING * * *
The gnoll barely misses you.
You feel sick.
The gnoll shaman shouts!
You block the gnoll's attack.
The gnoll sergeant hits you with a +1 trident of venom.
* * * LOW HITPOINT WARNING * * *
You are more poisoned.
The gnoll sergeant barely misses you. You block the gnoll's attack.
It was a potion of curing.
You feel better.
The gnoll seems to regain its courage.
The gnoll barely misses you. The gnoll hits you with a +0 flail.
* * * LOW HITPOINT WARNING * * *
The gnoll sergeant hits you with a +1 trident of venom.
* * * LOW HITPOINT WARNING * * *
You are poisoned.
The gnoll sergeant closely misses you. You block the gnoll's attack.
You feel very sick.
The gnoll zaps a wand.
The puff of flame hits you!
* * * LOW HITPOINT WARNING * * *
You block the gnoll sergeant's attack.
You die...

........≈≈.##.# .#.##.≈≈(#
.#####..≈≈.#..# #.©#.≈≈.# ##
#..≈≈.##.#####.##.≈≈.# #
##.≈≈..#.#8⌠8#.#.....#
#.≈≈.©#.'.g)g.#©....#
#.≈≈..#.#ggg#.#.....#
#.≈≈.##.##.##.##.≈≈.#
#.≈≈.#..#...#..#.≈≈.#
#.≈≈.##.#⌠@⌠#.##.≈≈.#
#.≈≈..#.#...#.#..≈≈.##
#######.≈≈###.##'##.###≈≈..#
........≈≈#...........#≈≈..#
######..≈≈##.###.###.##≈≈..#
#..≈≈#..#8###8#..#≈≈..#
#..≈≈####..)..####≈≈..#
#..≈≈≈≈≈≈≈≈≈≈≈≈≈≈≈≈≈..#
#..≈≈≈≈≈≈≈≈≈≈≈≈≈≈≈≈≈..#


You could see 2 gnoll sergeants and 2 gnolls.

Vanquished Creatures
  Pikel (D:4)
  Edmund (D:4)
  2 water moccasins (D:5)
  An ice beast (D:6)
  A black bear (D:6)
  A necrophage (D:6)
  The ghost of Panangbesa the Insei, an amateur GnTm of Sif Muna (D:3)
  2 lemures (D:5)
  A phantom (D:5)
  A bullfrog (D:3)
  2 scorpions (D:5)
  4 wights
  A centaur zombie (D:6)
  2 hounds
  A bullfrog zombie (D:3)
  A centaur skeleton (D:6)
  A jelly (D:4)
  2 bullfrog skeletons
  A gnoll shaman (D:4)
  2 iguanas (D:4)
  Ijyb (D:5)
  7 orc wizards
  A killer bee zombie (D:6)
  7 gnolls
  9 adders
  2 white imps
  A worm (D:3)
  3 dart slugs
  2 orcs
  5 ball pythons
  10 endoplasms
  6 giant cockroaches
  7 goblins
  7 hobgoblins
  14 jackals
  2 quokkas (D:2)
  9 bats
  4 frilled lizards
  10 kobolds
  5 rats
141 creatures vanquished.

Vanquished Creatures (others)
  6 plants (D:5)
6 creatures vanquished.

Grand Total: 147 creatures vanquished

Notes
Turn   | Place    | Note
-------+----------+-------------------------------------------
     0 | D:1      | Caterwaul the Human Fighter began the quest for the Orb.
     0 | D:1      | Reached XP level 1. HP: 18/18 MP: 1/1
    39 | D:1      | Reached XP level 2. HP: 16/24 MP: 2/2
   298 | D:1      | Found Utunus's General Store.
   304 | D:1      | Found Rekur's Magic Scroll Shoppe.
   373 | D:1      | Found Qeirhira's Book Shop.
   476 | D:1      | Reached XP level 3. HP: 12/29 MP: 3/3
   478 | D:1      | HP: 1/29 [poisoned by a kobold]
   863 | D:1      | Found Dotemofi's Assorted Antiques.
  1154 | D:1      | Found Jaedemom's Weapon Boutique.
  1345 | D:2      | Reached XP level 4. HP: 23/35 MP: 4/4
  2545 | D:3      | Reached skill level 3 in Long Blades
  2545 | D:3      | Reached XP level 5. HP: 31/41 MP: 5/5
  2554 | D:3      | Reached skill level 1 in Dodging
  2926 | D:3      | Found a runed translucent door.
  2929 | D:3      | Noticed Panangbesa's ghost (amateur GnTm)
  3433 | D:3      | Reached XP level 6. HP: 36/48 MP: 6/6
  3667 | D:3      | Found a runed translucent door.
  3816 | D:4      | Found Legriul's Weapon Emporium.
  4197 | D:4      | Found Hotauqin's Armour Shoppe.
  4399 | D:4      | Found Nuzut's Armour Shoppe.
  4406 | D:4      | Bought the +0 ring mail of the Everdark {Regen+ SInv} for
                  | 167 gold pieces
  4907 | D:5      | Entered Level 5 of the Dungeon
  4918 | D:5      | Reached skill level 4 in Long Blades
  4918 | D:5      | Reached XP level 7. HP: 21/53 MP: 7/7
  5071 | D:3      | Killed Panangbesa's ghost
  5304 | D:5      | Noticed a water moccasin
  5325 | D:5      | Killed a water moccasin
  5326 | D:5      | Reached skill level 5 in Long Blades
  5326 | D:5      | Reached XP level 8. HP: 23/61 MP: 8/8
  5368 | D:5      | Identified the +1 ring mail "Rinop" {rPois Str+2}
  5404 | D:5      | Noticed Edmund
  5564 | D:4      | Killed Edmund
  5565 | D:4      | Reached skill level 5 in Armour
  5674 | D:5      | Identified the +1 leather armour of Zottyd {Int+4}
  5705 | D:5      | Noticed Ijyb
  5750 | D:5      | Noticed Pikel
  5913 | D:4      | Killed Pikel
  5914 | D:4      | Reached skill level 6 in Long Blades
  5914 | D:4      | Reached skill level 5 in Shields
  5949 | D:5      | Killed Ijyb
  5950 | D:5      | Reached XP level 9. HP: 67/67 MP: 9/9
  6043 | D:5      | Reached skill level 5 in Fighting
  6128 | D:5      | Identified the +8 spear "Acheps" {vamp, rElec rF+ rCorr}
  6156 | D:5      | Found a transporter.
  6156 | D:5      | Found a transporter.
  6246 | D:5      | Noticed geeeeen's ghost (amateur BaIE)
  6948 | D:6      | Reached skill level 7 in Long Blades
  7320 | D:5      | Found a staircase to the Ecumenical Temple.
  7396 | Temple   | Entered the Ecumenical Temple
  7408 | Temple   | Became a worshipper of the Shining One
  7814 | D:5      | HP: 1/60 [gnoll/puff of flame (7)]
  7815 | D:5      | Succumbed to a gnoll sergeant's poison

Illustrated notes

Levels and vault maps discovered:
D:1:      lemuel_arrival_behind_the_door_small, layout_rooms, serial_shops,
          shop, nicolae_square_shop, nicolae_lakefront_shop, shop_statue,
          nicolae_shop_crystal, minmay_misc_feat_square, minmay_misc_feat_room,
          minmay_unequal
D:2:      layout_loops_corners, kennysheep_generic_room_4
D:3:      layout_loops_cross, ebering_ghost_sewer_f
D:4:      layout_basic, serial_shops, shop_coins, nicolae_diamond_shop,
          nicolae_square_shop
D:5:      layout_rooms, minmay_temple_entry_from_below_b,
          gammafunk_ghost_gnarly_gnolls, uniq_ijyb, uniq_pikel, uniq_edmund
D:6:      minmay_flawed_box, layout_rooms
D:7:      layout_basic, grunt_ministairs_13
Temple:   nicolae_temple_the_god_donut

Skill      XL: |  1  2  3  4  5  6  7  8  9 |
---------------+----------------------------+-----
Long Blades    | 3 4 5 6 7 |  7.1
Dodging        | 1 2 3 4 |  4.1
Armour         | 4 5 6 |  6.3
Shields        | 4 5 6 |  6.5
Fighting       | 4 5 |  5.4
Throwing       | |  0.2

Action                   |  1- 3 |  4- 6 |  7- 9 || total
-------------------------+-------+-------+-------++-------
Melee: Long sword        |   106 |   276 |   369 ||   751
       Scimitar          |       |       |    89 ||    89
Throw: Throwing net      |       |       |     2 ||     2
  Use: Potion            |     1 |       |     5 ||     6
       Scroll            |       |     5 |     7 ||    12
Armor: Scale mail        |    69 |   124 |       ||   193
       Ring mail         |       |    10 |   133 ||   143
Dodge: Dodged            |    37 |    70 |   210 ||   317
Block: Kite shield       |    66 |   170 |   297 ||   533
       Rpst.: Long sword |     8 |    21 |    55 ||    84
       Scimitar          |       |       |    13 ||    13
